Match 48520416
Unlisted

Match 48520416
End
Kradschützen Motorcycle Team
Panzerpioneer Squad
Panzergrenadier Squad
250 Light Carrier
Panzergrenadier Squad
Construct Light Support Kompanie
MG34 Team
Panzerjäger Mechanized Group
Fire Support Elements
Panzerpioneer Squad
Flakvierling Half-track
Construct Panzerarmee Kommand
Vehicle Survival Package
Panzer III L Medium Tank
Panzerjäger Mechanized Group
Tungsten Core Ammunition
Panzer III L Medium Tank
Emergency Repair Kits
Walking Stuka Rocket Launcher
2.5-tonne Medical Truck
Assault Mechanized Group
Panzergrenadier Squad
Panzerpioneer Squad
Panzer III L Medium Tank
Armored Reserves
Tiger Heavy Tank
Assault Grenadier Squad
MG34 Team
Panzerpioneer Squad
Panzerpioneer Squad
Riberstein
warlord
0
0

Comments sign in to comment!

No comments posted yet!